 Dungeon Crawl Stone Soup version 0.29.1-13-g9f3cf754e1 (webtiles) character file.

Game seed: 641175712145139513

5201 Atlar the Skirmisher (level 10, -8/52 HPs)
             Began as a Kobold Arcane Marksman on Feb 7, 2023.
             Was a Follower of Dithmenos.
             Mangled by a shadow (13 damage)
             ... on level 10 of the Dungeon.
             The game lasted 01:03:26 (11434 turns).

Atlar the Skirmisher (Kobold Arcane Marksman)      Turns: 11434, Time: 01:03:27

Health: -8/52      AC:  7    Str:  7    XL:     10   Next: 91%
Magic:  11/14      EV: 20    Int: 16    God:    Dithmenos [*.....]
Gold:   170        SH:  8    Dex: 19    Spells: 5/15 levels left

rFire   . . .      SeeInvis .   w - +2 sling (flame)
rCold   . . .      Faith    .   O - +2 buckler
rNeg    . . .      Spirit   .   i - +0 leather armour
rPois   .          Reflect  .   (no helmet)
rElec   .          Harm     .   P - +1 cloak
rCorr   .          Rampage  .   (no gloves)
Will    +....                   f - +1 pair of boots
Stlth   ++++......              j - amulet of regeneration
HPRegen 0.97/turn               u - ring of willpower
MPRegen 0.14/turn               q - ring of wizardry

@: about to teleport, portalling projectiles, wreathed by umbra
A: small, no large weapons, nightstalker 3
a: Renounce Religion


You were on level 10 of the Dungeon.
You worshipped Dithmenos.
Dithmenos was aware of your devotion.
You visited 2 branches of the dungeon, and saw 11 of its levels.

You collected 417 gold pieces.
You spent 247 gold pieces at shops.

Inventory:

Hand Weapons
 a - a +1 sling
 w - a +2 sling of flaming (weapon)
Missiles
 H - 2 throwing nets
Armour
 c - a +0 robe
 d - a +0 pair of boots
 f - a +1 pair of boots (worn)
 i - a +0 leather armour (worn)
 k - a +0 ring mail
 o - a +0 buckler
 O - a +2 buckler (worn)
 P - a +1 cloak (worn)
 R - the +0 chain mail of Dishonour {rPois}
   (You found it on level 9 of the Dungeon)

   rPois:     It protects you from poison.
Magical Staves
 L - a staff of fire
Jewellery
 b - a ring of positive energy
 j - an amulet of regeneration (around neck)
 m - a ring of protection from cold
 q - a ring of wizardry (right hand)
 s - a ring of ice
 u - a ring of willpower (left hand)
 y - a ring of willpower
 F - a ring of protection from fire
 J - a ring of poison resistance
 T - a +4 ring of evasion
Wands
 g - a wand of mindburst (6)
 t - a wand of charming (17)
 C - a wand of roots (3)
 D - a wand of flame (34)
 G - a wand of quicksilver (5)
Scrolls
 e - 2 scrolls of magic mapping
 n - 3 scrolls of fog
 p - a scroll of enchant weapon
 v - a scroll of teleportation
 A - a scroll of brand weapon
 I - a scroll of noise {unknown}
 N - 3 scrolls of fear
Potions
 h - 5 potions of mutation
 l - a potion of curing
 r - 2 potions of resistance
 x - a potion of brilliance
 z - 2 potions of berserk rage
 B - 2 potions of cancellation {unknown}
 E - a potion of degeneration {unknown}
 K - a potion of magic {unknown}
 M - a potion of ambrosia {unknown}
 Q - 2 potions of flight {unknown}
 S - 2 potions of heal wounds
 U - a potion of haste {unknown}


   Skills:
 - Level 1.1 Fighting
 + Level 12.9 Ranged Weapons
 - Level 10.5 Dodging
 - Level 3.0 Stealth
 * Level 3.0 Shields
 - Level 3.0 Spellcasting
 - Level 5.3 Hexes
 - Level 4.1 Translocations


You had 5 spell levels left.
You knew the following spells:

 Your Spells              Type           Power      Damage    Failure   Level
a - Slow                  Hex            76%        N/A       1%          1
b - Portal Projectile     Hex/Tloc       34%        N/A       8%          3
c - Cause Fear            Hex            9%         N/A       19%         4
d - Ensorcelled Hibernat  Hex/Ice        20%        N/A       9%          2

Your spell library contained the following spells:

 Spells                   Type           Power      Damage    Failure   Level
 Apportation              Tloc           30%        N/A       3%          1
 Beastly Appendage        Tmut           4%         N/A       16%         1
 Inner Flame              Hex/Fire       10%        N/A       17%         3
 Passwall                 Tmut/Erth      1%         N/A       26%         2
 Wereblood                Tmut           2%         N/A       26%         2
 Spider Form              Tmut/Pois      2%         N/A       43%         3
 Swiftness                Air            2%         N/A       43%         3
 Alistair's Intoxication  Tmut/Pois      1%         N/A       98%         5
 Iskenderun's Battlesphe  Conj           2%         2d6       98%         5
 Iron Shot                Conj/Erth      1%         9d1       100%        6
 Spellforged Servitor     Conj/Summ      1%         N/A       100%        7


Dungeon Overview and Level Annotations

Branches:
Dungeon (10/15)            Temple (1/1) D:7             Orc (0/2) D:9
   Lair: D:8-11

Altars:
Ashenzari
Cheibriados
Dithmenos
Elyvilon
Fedhas
Gozag
Hepliaklqana
Kikubaaqudgha
Makhleb
Nemelex Xobeh
Okawaru
Qazlal
Sif Muna
Vehumet
Wu Jian
Xom
Yredelemnul
Zin

Shops:
D:1 :   D:4 *   D:5 =   D:6 (   D:9 *

Portals:
Trove: D:10 (give 12 potions of heal wounds)

Annotations:
D:2 Jessica
D:4 Pikel
D:7 Dowan, Duvessa


Innate Abilities, Weirdness & Mutations

You are small and have problems with some larger weapons.
You are completely attuned to the shadows.


Message History

The sling bullet hits the shadow but does no damage.
The shadow is severely damaged.
Fire: w) +2 sling (flame)
Press: ? - help, Q - select action, (/) - cycle Shift-Dir - straight line, f/p - shadow
Aim: a shadow (severely damaged, umbra, 67% to hit)
You shoot a sling bullet.
The sling bullet hits the shadow but does no damage.
The shadow is severely damaged.
You block the shadow's attack.
Fire: w) +2 sling (flame)
Press: ? - help, Q - select action, (/) - cycle Shift-Dir - straight line, f/p - shadow
Aim: a shadow (severely damaged, umbra, 67% to hit)
You shoot a sling bullet.
The sling bullet hits the shadow but does no damage.
The shadow is severely damaged.
The shadow slips into darkness.
The shadow flickers and vanishes!
Deactivating autopickup; reactivate with Ctrl-A.
You feel better.
The shadow strikes at you from the darkness!
Reactivating autopickup.
Casting: Slow (safe; 1% risk of failure)
Confirm with . or Enter, or press ? or * to list all spells.
You begin teleporting projectiles to their destination.
The shadow slips into darkness.
The shadow flickers and vanishes!
Deactivating autopickup; reactivate with Ctrl-A.
Okay, then.
Okay, then.
You feel better.
The shadow strikes at you from the darkness!
* * * LOW HITPOINT WARNING * * *
Reactivating autopickup.
As you read the scroll of teleportation, it crumbles to dust.
You feel strangely unstable.
The shadow slips into darkness.
The shadow flickers and vanishes!
Deactivating autopickup; reactivate with Ctrl-A.
The shadow strikes at you from the darkness!
You die...

### ###### #### ...
...... .... ... .....#
..## ... .....##.... ...
....@.....)
################'######
............##..........
............##...........
............##...........
............##.........>.
............##...........
###.####...########..###
###...'....###..####


There were no monsters in sight!

Vanquished Creatures
  A vampire (D:9)
  A wyvern (D:9)
  6 yaks (D:9)
  A steam dragon (D:8)
  An acid dragon (D:9)
  2 water moccasins
  An ice beast (D:7)
  An orc warrior (D:9)
  A sky beast (D:7)
  4 lemures
  A phantom (D:4)
  A kobold brigand (D:9)
  2 gnoll sergeants
  A necrophage (D:8)
  7 bullfrogs
  A wyvern zombie (D:8)
  2 scorpions
  8 wights
  7 killer bees
  5 howler monkeys
  An electric eel (D:8)
  4 centaur zombies (D:8)
  A quasit (D:6)
  2 hounds
  A jelly (D:5)
  5 orc priests
  A gnoll bouda (D:7)
  5 iguanas
  11 orc wizards
  Natasha (twice) (D:2)
  A killer bee zombie (D:8)
  A howler monkey zombie (D:8)
  7 adders
  18 gnolls
  8 shadow imps
  3 white imps (D:7)
  5 ufetubi (D:7)
  A worm (D:2)
  A dart slug (D:5)
  34 orcs
  5 endoplasms
  2 giant cockroaches
  7 goblins
  5 hobgoblins
  8 jackals
  5 quokkas
  4 ball pythons
  3 bats
  6 frilled lizards
  14 kobolds
  3 rats
228 creatures vanquished.

Vanquished Creatures (others)
  4 demonic plants (D:7)
  17 plants
  A withered plant (D:8)
22 creatures vanquished.

Grand Total: 250 creatures vanquished

Notes
Turn   | Place    | Note
-------+----------+-------------------------------------------
     0 | D:1      | Atlar the Kobold Arcane Marksman began the quest for the
                  | Orb.
     0 | D:1      | Reached XP level 1. HP: 12/12 MP: 2/2
   194 | D:1      | Reached skill level 1 in Stealth
   232 | D:1      | Reached skill level 3 in Ranged Weapons
   277 | D:1      | Reached XP level 2. HP: 16/16 MP: 0/3
   449 | D:1      | Found Fiddo Ikek's Book Boutique.
  1162 | D:2      | Reached XP level 3. HP: 20/20 MP: 2/4
  1320 | D:2      | Reached skill level 4 in Ranged Weapons
  1338 | D:2      | Learned a level 3 spell: Portal Projectile
  1419 | D:2      | Noticed Natasha
  1426 | D:2      | Killed Natasha
  1427 | D:2      | Reached XP level 4. HP: 25/25 MP: 2/6
  1547 | D:2      | Found a faded altar of an unknown god.
  1669 | D:2      | Noticed Natasha
  1683 | D:2      | Killed Natasha
  1684 | D:2      | Reached skill level 1 in Translocations
  1684 | D:2      | Reached XP level 5. HP: 13/29 MP: 7/7
  1769 | D:2      | Noticed Jessica
  2473 | D:3      | Noticed an ogre
  2621 | D:3      | Learned a level 4 spell: Cause Fear
  2801 | D:3      | Reached XP level 6. HP: 21/33 MP: 9/9
  2804 | D:3      | Reached skill level 5 in Ranged Weapons
  3302 | D:4      | Found a basalt altar of Yredelemnul.
  3315 | D:4      | Found a blossoming altar of Fedhas.
  3344 | D:4      | Noticed Pikel
  3770 | D:4      | Found Zaihatie's General Store.
  3816 | D:4      | Reached XP level 7. HP: 19/38 MP: 9/11
  3894 | D:5      | Entered Level 5 of the Dungeon
  3926 | D:5      | Reached skill level 6 in Ranged Weapons
  3996 | D:5      | Found Yntux's Jewellery Shop.
  4347 | D:5      | Found a glowing silver altar of Zin.
  4691 | D:4      | Reached XP level 8. HP: 41/43 MP: 12/12
  5322 | D:6      | Reached skill level 5 in Hexes
  5329 | D:6      | Learned a level 2 spell: Ensorcelled Hibernation
  6027 | D:7      | Reached skill level 7 in Ranged Weapons
  6240 | D:6      | Found Suruyddo's Weapon Shop.
  6390 | D:6      | Reached skill level 5 in Dodging
  6795 | D:7      | Reached skill level 8 in Ranged Weapons
  6826 | D:7      | Noticed Duvessa
  6829 | D:7      | Reached XP level 9. HP: 42/47 MP: 13/13
  7136 | D:7      | Reached skill level 9 in Ranged Weapons
  7161 | D:7      | Found a staircase to the Ecumenical Temple.
  7358 | Temple   | Entered the Ecumenical Temple
  7630 | Temple   | Became a worshipper of Dithmenos the Shadowed
  7853 | D:7      | Found a hazy altar of Hepliaklqana.
  7976 | D:7      | Noticed Dowan
  8227 | D:7      | Reached skill level 10 in Ranged Weapons
  8392 | D:7      | Found a white marble altar of Elyvilon.
  9054 | D:8      | Reached * piety under Dithmenos
  9166 | D:8      | Reached XP level 10. HP: 19/50 MP: 5/14
  9301 | D:8      | Reached skill level 11 in Ranged Weapons
 10037 | D:9      | Reached skill level 10 in Dodging
 10259 | D:9      | Reached skill level 12 in Ranged Weapons
 10346 | D:9      | Found a staircase to the Orcish Mines.
 10671 | D:9      | Found Anaj's Assorted Antiques.
 10675 | D:9      | Bought a runed cloak for 247 gold pieces
 10780 | D:9      | Reached skill level 1 in Shields
 10888 | D:9      | Reached ** piety under Dithmenos
 10945 | D:9      | Identified the +0 chain mail of Dishonour {rPois}
 11256 | D:10     | Entered Level 10 of the Dungeon
 11317 | D:10     | Found a portal to a secret trove of treasure.
 11431 | D:10     | HP: 2/52 [something (24)]
 11434 | D:10     | Mangled by a shadow

Illustrated notes

Levels and vault maps discovered:
D:1:      dpeg_arrival_signposts, layout_loops_ring, serial_shops, shop,
          palyth_stone_intersect
D:2:      layout_rooms, hellmonk_ecumenical_altar_heavens_door,
          lexackson_kobold_supper, uniq_jessica, uniq_natasha
D:3:      layout_basic, kennysheep_generic_room_14
D:4:      layout_rooms, mainiacjoe_overflow_large_starburst,
          portal_sewer_entry_e, serial_shops, shop_fountains, uniq_pikel
D:5:      layout_basic, lemuel_round_altar, serial_shops,
          nicolae_shop_behind_doors, chequers_serial_rivers_marsh,
          chequers_mini_garden, minmay_holes, ebering_dispersal_statue_hall,
          kennysheep_generic_room_8
D:6:      layout_layer_cave, serial_shops, nicolae_lakefront_shop
D:7:      layout_basic, nicolae_hepliaklqana_hazy_memory,
          mainiacjoe_overflow_alcove_4, minmay_temple_entry_arrows,
          serial_demonic, serial_demonic_a, serial_demonic_d, serial_demonic_d,
          serial_demonic_f, serial_demonic_f, serial_demonic_e,
          serial_demonic_c, serial_demonic_d, uniq_duvessa
D:8:      layout_loops_ring, serial_undead, serial_undead_a, serial_undead_d,
          serial_undead_e, serial_undead_c, serial_undead_a, serial_undead_c,
          fungi_pond_lemuel, minmay_misc_feat_encased, nicolae_island_escapes
D:9:      layout_irregular_city, david_orc_3, serial_shops, shop
D:10:     layout_stronghold, minitemple, due_lair_maze_entry_diamond,
          nicolae_trove_entry_isolated, minmay_ruined_shrine
Temple:   nicolae_temple_bog_church

Skill      XL: |  1  2  3  4  5  6  7  8  9 10 |
---------------+-------------------------------+-----
Stealth        | 1 2 3 |  3.0
Ranged Weapons | 3 4 5 6 8 10 12 | 12.9
Translocations | 1 2 3 4 |  4.1
Spellcasting   | 2 3 |  3.0
Hexes          | 4 5 |  5.3
Dodging        | 3 5 8 10 | 10.5
Shields        | 3 |  3.0
Fighting       | |  1.1

Action                   |  1- 3 |  4- 6 |  7- 9 | 10-12 || total
-------------------------+-------+-------+-------+-------++-------
 Fire: Sling             |    87 |   228 |   504 |   314 ||  1133
 Cast: Slow              |    10 |     9 |    26 |    16 ||    61
       Portal Projectile |       |     2 |    11 |     5 ||    18
       Ensorcelled Hiber |       |       |     1 |       ||     1
       Cause Fear        |       |       |       |     2 ||     2
Evoke: Wand              |       |       |       |     8 ||     8
  Use: Scroll            |       |     7 |     7 |     3 ||    17
       Potion            |       |       |     5 |     6 ||    11
Armor: Robe              |     2 |       |       |       ||     2
       Leather armour    |     6 |    34 |    77 |    21 ||   138
       Skin              |       |       |    22 |    26 ||    48
Dodge: Dodged            |    35 |   137 |   303 |   185 ||   660
Block: Buckler           |       |       |       |    14 ||    14
